 Dungeon Crawl Stone Soup version 0.30-b1-2-g02819fbbbe (webtiles) character file.

Game seed: 14565022552305348003

17127 LLlMATKO the Fighter (level 12, -10/112 HPs)
             Began as a Minotaur Berserker on June 21, 2023.
             Was a High Priest of Trog.
             Mangled by a cyclops (21 damage)
             ... on level 13 of the Dungeon.
             The game lasted 00:13:09 (15385 turns).

LLlMATKO the Fighter (Minotaur Berserker)          Turns: 15385, Time: 00:13:09

Health: -10/112    AC: 21    Str: 24    XL:     12   Next: 16%
Magic:  11/11      EV: 10    Int:  4    God:    Trog [*****.]
Gold:   1328       SH: 12    Dex: 13    Spells: 11/11 levels left

rFire   . . .        c - +4 war axe
rCold   . . .        K - +2 kite shield
rNeg    . . .        x - +1 plate armour
rPois   .            (helmet restricted)
rElec   .            (no cloak)
rCorr   .            N - +2 pair of gloves
SInv    +            C - +0 pair of boots
Will    .....        v - amulet of the acrobat Stlth
                     J - ring of see invisible
HPRegen 0.38/turn    (no ring)
MPRegen 0.12/turn

%: acrobat
@: lethally poisoned (-10 -> -12), about to teleport, on berserk cooldown,
slowed, very slow
A: horns 2, retaliatory headbutt
a: Renounce Religion, Berserk, Trog's Hand, Brothers in Arms


You were on level 13 of the Dungeon.
You worshipped Trog.
Trog was extremely pleased with you.
You visited 1 branch of the dungeon, and saw 13 of its levels.
You also visited: Bailey.

You collected 1328 gold pieces.

Inventory:

Hand Weapons
 c - a +4 war axe (weapon)
 i - a +3 antimagic executioner's axe
 B - a +0 whip of electrocution
Missiles
 b - 45 poisoned darts
 e - 7 curare-tipped darts
 l - 9 atropa-tipped darts
 n - 4 datura-tipped darts
 r - 5 silver javelins
 y - 36 boomerangs (quivered)
 G - 3 throwing nets
Armour
 t - the +1 scale mail of Zooheh {Regen+ Int+5 Slay+6}
   (You found it on level 7 of the Dungeon)

   Int:       It affects your intelligence (+5).
   Slay:      It affects your accuracy & damage with ranged weapons and melee
   (+6).
   Regen:     It increases your rate of health regeneration.
 x - a +1 plate armour (worn)
 C - a +0 pair of boots (worn)
 K - a +2 kite shield (worn)
 N - a +2 pair of gloves (worn)
Jewellery
 v - an amulet of the acrobat (around neck)
 J - a ring of see invisible (left hand)
 R - an amulet of reflection
Wands
 D - a wand of digging (22)
 L - a wand of quicksilver (6)
 M - a wand of charming (7)
 P - a wand of flame (2)
Scrolls
 a - 2 scrolls of enchant armour
 d - 15 scrolls of identify
 m - 2 scrolls of teleportation
 o - 2 scrolls of torment
 p - 4 scrolls of magic mapping
 w - a scroll of brand weapon {unknown}
 A - 2 scrolls of fear {unknown}
 I - a scroll of fog
 O - 2 scrolls of silence {unknown}
 Q - a scroll of enchant weapon {unknown}
 S - a scroll of poison {unknown}
Potions
 f - 4 potions of curing {unknown}
 g - 3 potions of haste
 h - 5 potions of brilliance {unknown}
 j - a potion of might {unknown}
 k - 2 potions of invisibility {unknown}
 q - 2 potions of degeneration {unknown}
 s - 3 potions of magic {unknown}
 u - 3 potions of cancellation {unknown}
 z - 6 potions of heal wounds
 E - 4 potions of mutation {unknown}
 F - 4 potions of flight {unknown}
 H - a potion of berserk rage {unknown}


   Skills:
 + Level 12.0 Fighting
 + Level 12.0 Axes
 + Level 11.7 Armour
 + Level 10.7 Dodging
 + Level 7.5 Shields


You had 11 spell levels left.
You didn't know any spells.
Your spell library was empty.

Dungeon Overview and Level Annotations

Branches:
Dungeon (13/15)            Temple (0/1) D:7            Lair (0/5) D:8
    Orc (0/2) D:12         Vaults (0/5) D:13         Bailey (visited)

Altars:
Dithmenos
Elyvilon
Nemelex Xobeh
Okawaru
Qazlal
Ru
Vehumet
Xom
The Shining One

Shops:
D:4 =[   D:9 ((

Annotations:
D:13 Nessos


Innate Abilities, Weirdness & Mutations

You have a pair of horns on your head.
You reflexively headbutt those who attack you in melee.


Message History

You slash the human!
The human is severely wounded.
You hit the cyclops but do no damage. You hit the human.
The human hits you but does no damage. x2; The cyclops hits you.
Nessos intently looks at you, slowly moving their tail.
You block the human's attack. x2
You slash the human!
You kill the human!
Trog accepts your kill.
You hit the human. You hit the cyclops.
Nessos shoots an arrow.
The arrow hits you. The arrow burns you.
You are poisoned.
Nessos mumbles some strange words.
Nessos blinks!
You block the human's attack. The cyclops closely misses you.
Your Axes skill increases to level 12!
You slash the cyclops! You headbutt the cyclops!
The cyclops is severely wounded.
You hit the human. You hit the two-headed ogre.
You feel very sick.
The two-headed ogre hits you with a +0 giant spiked club!
The two-headed ogre hits you with a +0 giant spiked club!!
The human hits you but does no damage. The cyclops hits you!
* * * LOW HITPOINT WARNING * * *
You block the human's attack.
You are too injured to fight recklessly!
Unknown command.
You are too injured to fight recklessly!
Unknown command.
You are too injured to fight recklessly!
The two-headed ogre attacks as you move away!
You block the two-headed ogre's attack. x2
The cyclops attacks as you move away! The cyclops hits you!
* * * LOW HITPOINT WARNING * * *
The human attacks as you move away! The human barely misses you.
You furiously retaliate!
You headbutt the human, but do no damage.
You feel sick.
As you read the scroll of teleportation, it crumbles to dust.
You feel strangely unstable.
You feel sick. The cyclops hits you!!
You die...

##.##...#....#.
#.......'....#.
###..##...##...#.
#............#...
###.........##.#...
#.#.............<..
#.#..)....##.#.....
####.#................
#....@................
#.##C#######..#.###...
#..pOpp.......#. #...
##.co.p......... #...
#.......... .# #...
#..........
#.....<>...
#.....∩<...
#..........


You could see Nessos (fast), an orc knight, a two-headed ogre, a cyclops and a
human.

Vanquished Creatures
  Erolcha (D:9)
  4 two-headed ogres
  A boulder beetle (D:10)
  Pikel (D:5)
  An orc knight (Bailey)
  Joseph (D:9)
  Maggie (D:9)
  2 unseen horrors
  A kobold demonologist (D:11)
  A troll (D:12)
  2 hornets
  A dream sheep (shapeshifter) (D:13)
  A vampire (D:12)
  2 wraiths
  12 humans (D:13)
  A shadow (D:12)
  10 yaks
  Grum (D:8)
  4 vampire mosquitoes
  3 steam dragons
  Menkaure (D:5)
  A warg (shapeshifter) (D:12)
  2 acid dragons
  Duvessa (D:5)
  2 water moccasins (D:8)
  7 orc warriors
  A sky beast (D:7)
  An ice beast (D:8)
  A black bear (D:8)
  3 ogres
  2 wolves (D:8)
  3 centaurs
  A lemure (D:5)
  8 kobold brigands
  6 bullfrogs
  3 gnoll sergeants
  8 scorpions
  7 wights
  Dowan (D:5)
  3 howler monkeys
  2 electric eels (D:9)
  10 orc priests
  4 hounds
  2 jellies
  2 gnoll boudas
  3 sleepcaps
  3 iguanas
  12 orc wizards
  A statue (D:4)
  Robin (D:4)
  14 gnolls
  4 adders
  A shadow imp (D:5)
  5 white imps
  2 dart slugs
  34 orcs
  3 endoplasms
  3 giant cockroaches
  12 hobgoblins
  8 jackals
  19 kobolds
  2 quokkas
  7 ball pythons
  5 bats
  2 frilled lizards
  17 goblins
  6 rats
297 creatures vanquished.

Vanquished Creatures (others)
  2 plants (D:9)
2 creatures vanquished.

Grand Total: 299 creatures vanquished

Notes
Turn   | Place    | Note
-------+----------+-------------------------------------------
     0 | D:1      | LLlMATKO the Minotaur Berserker began the quest for the
                  | Orb.
     0 | D:1      | Reached XP level 1. HP: 19/19 MP: 0/0
   129 | D:1      | Reached XP level 2. HP: 22/27 MP: 1/1
   699 | D:1      | Reached ** piety under Trog
   780 | D:2      | Reached XP level 3. HP: 32/33 MP: 2/2
  1740 | D:3      | Noticed a scorpion
  1750 | D:3      | HP: 1/49 [scorpion (5)]
  1751 | D:3      | Killed a scorpion
  1752 | D:3      | Reached XP level 4. HP: 1/41 MP: 3/3
  1956 | D:3      | Found a sparkling altar of Nemelex Xobeh.
  2183 | D:3      | Reached XP level 5. HP: 44/47 MP: 4/4
  2672 | D:4      | Found Uronwasa's Jewellery Shop.
  2675 | D:4      | Found a sacrificial altar of Ru.
  2681 | D:4      | Noticed Robin
  2689 | D:4      | Killed Robin
  2794 | D:4      | Reached *** piety under Trog
  2982 | D:4      | Found Nedo's Distillery.
  3038 | D:4      | Found Ycoemes's Armour Boutique.
  3073 | D:4      | Reached skill level 5 in Fighting
  3073 | D:4      | Reached skill level 5 in Axes
  3074 | D:4      | Reached XP level 6. HP: 18/56 MP: 5/5
  3333 | D:4      | Found a radiant altar of Vehumet.
  3708 | D:5      | Entered Level 5 of the Dungeon
  3852 | D:5      | Noticed Menkaure
  3865 | D:5      | Killed Menkaure
  3866 | D:5      | Reached skill level 5 in Armour
  3866 | D:5      | Reached XP level 7. HP: 9/62 MP: 6/6
  4047 | D:5      | Noticed Dowan
  4047 | D:5      | Noticed Duvessa
  4058 | D:5      | Killed Duvessa
  4065 | D:5      | Killed Dowan
  4469 | D:5      | Noticed Pikel
  4471 | D:5      | Reached skill level 5 in Dodging
  4481 | D:5      | Killed Pikel
  4482 | D:5      | Reached XP level 8. HP: 18/71 MP: 7/7
  6364 | D:6      | Reached XP level 9. HP: 78/81 MP: 8/8
  6449 | D:6      | Found a shimmering altar of Xom.
  7091 | D:7      | Found a flagged portal.
  7100 | Bailey   | Entered a bailey
  7181 | Bailey   | Reached **** piety under Trog
  7301 | Bailey   | Noticed an orc knight
  7318 | Bailey   | Killed an orc knight
  7509 | Bailey   | Found an iron altar of Okawaru.
  7924 | D:7      | Found a staircase to the Ecumenical Temple.
  7971 | D:7      | Found a stormy altar of Qazlal.
  7984 | D:7      | Identified the +1 scale mail of Zooheh {Regen+ Int+5
                  | Slay+6}
  8108 | D:7      | Reached XP level 10. HP: 91/91 MP: 9/9
  8679 | D:8      | Noticed a two-headed ogre
  8692 | D:8      | Killed a two-headed ogre
  8693 | D:8      | Reached skill level 1 in Shields
  8966 | D:8      | Found a staircase to the Lair.
  9156 | D:8      | Noticed Grum
  9168 | D:8      | Killed Grum
 10046 | D:8      | Reached skill level 10 in Fighting
 10046 | D:8      | Reached skill level 10 in Axes
 10375 | D:8      | Reached ***** piety under Trog
 10601 | D:8      | Reached skill level 10 in Armour
 10787 | D:8      | Found a glowing golden altar of the Shining One.
 11044 | D:9      | Noticed Joseph
 11050 | D:9      | Killed Joseph
 11297 | D:9      | Found a shadowy altar of Dithmenos.
 11300 | D:9      | Found a white marble altar of Elyvilon.
 11378 | D:9      | Noticed Erolcha
 11395 | D:9      | Killed Erolcha
 11395 | D:9      | HP: 1/141 [electric eel/bolt of electricity (12)]
 11396 | D:9      | Reached XP level 11. HP: 1/101 MP: 10/10
 11807 | D:9      | Noticed Maggie
 11814 | D:9      | Killed Maggie
 11815 | D:9      | Reached skill level 5 in Shields
 11983 | D:9      | Found Qebe's Antique Weapon Emporium.
 12122 | D:9      | Found Sadwezeo's Weapon Shoppe.
 12193 | D:10     | Entered Level 10 of the Dungeon
 12274 | D:10     | Noticed a boulder beetle
 12351 | D:10     | Killed a boulder beetle
 12600 | D:10     | Noticed a two-headed ogre
 12605 | D:10     | Killed a two-headed ogre
 12820 | D:10     | Found an iron altar of Okawaru.
 13215 | D:11     | Noticed a two-headed ogre
 13228 | D:11     | Killed a two-headed ogre
 13229 | D:11     | Reached skill level 10 in Dodging
 13402 | D:11     | Noticed a two-headed ogre
 13409 | D:11     | Killed a two-headed ogre
 13756 | D:11     | Noticed a sixfirhy
 14231 | D:12     | Found a staircase to the Orcish Mines.
 15351 | D:13     | Found a gate to the Vaults.
 15351 | D:13     | Noticed Nessos
 15351 | D:13     | Noticed a two-headed ogre
 15351 | D:13     | Noticed an orc knight
 15357 | D:13     | Reached XP level 12. HP: 112/112 MP: 11/11
 15367 | D:13     | Received a gift from Trog
 15385 | D:13     | Mangled by a cyclops

Illustrated notes

Levels and vault maps discovered:
D:1:      lemuel_arrival_hallway, layout_loops_ring,
          chequers_serial_rivers_small_a, minmay_misc_feat_iff,
          minmay_misc_feat_rugged
D:2:      layout_loops_corners, minivault_19
D:3:      layout_loops_ring, mainiacjoe_overflow_concentric_impassable,
          dreamdust_princess_bridge
D:4:      layout_basic, vehumet_statue, mainiacjoe_overflow_brackets,
          serial_shops, nicolae_square_shop, shop, shop_fountains, uniq_robin
D:5:      layout_layer_cave, uniq_duvessa, uniq_pikel, uniq_menkaure
D:6:      layout_loops_corners, kennysheep_mini_moat, st_stairs_14,
          hangedman_abyss_or_decor_stagger
D:7:      layout_cave_pods, lemuel_crystal_altar,
          minmay_temple_entry_enclosed_plants, enter_bailey_5
D:8:      kennysheep_windowed_halls, layout_layer_cave,
          nicolae_tso_swordbearing_angel, dpeg_oklobed_lair,
          minmay_misc_feat_five, uniq_grum
D:9:      layout_basic, minitemple, serial_shops, nicolae_stop_n_shop_2,
          kennysheep_little_box, serial_bayou_ford_a, kennysheep_big_empty_room,
          supply_closet_lemuel, nrook_campfire, uniq_maggie, uniq_joseph,
          uniq_erolcha
D:10:     layout_rooms, old_standard_altar
D:11:     layout_basic
D:12:     layout_grid_maze, minmay_orc_entry_temple_small, minivault_10,
          hangedman_decor_riveting, lemuel_flamethrower_3
D:13:     minmay_the_grid_plus [minmay_the_grid_expand,
          minmay_the_grid_pillar_ring, minmay_the_grid_aliased_spiral,
          minmay_the_grid_minigrid_small, minmay_the_grid_prize_inner_circle],
          layout_basic, david_vaults_3, uniq_nessos

Skill      XL: |  1  2  3  4  5  6  7  8  9 10 11 12 |
---------------+-------------------------------------+-----
Axes           | 4 5 6 7 9 10 11 12 | 12.0
Fighting       | 4 5 6 7 9 10 11 12 | 12.0
Armour         | 3 4 5 6 7 9 10 11 | 11.7
Dodging        | 3 4 5 6 8 9 10 | 10.7
Shields        | 4 7 |  7.5

Action                     |  1- 3 |  4- 6 |  7- 9 | 10-12 || total
---------------------------+-------+-------+-------+-------++-------
  Melee: Hand axe          |    31 |       |       |       ||    31
         Battleaxe         |    60 |    77 |   196 |     1 ||   334
         Headbutt          |    10 |     7 |    28 |    83 ||   128
         War axe           |       |       |       |   416 ||   416
  Throw: Boomerang         |       |     9 |    26 |       ||    35
         Dart              |       |       |     4 |       ||     4
 Invoke: Berserk           |     1 |     5 |     7 |     8 ||    21
    Use: Scroll            |       |       |    10 |     1 ||    11
   Stab: Sleeping          |     1 |     1 |       |       ||     2
 Armour: Animal skin       |    21 |    11 |       |       ||    32
         Plate armour      |       |    15 |   152 |   146 ||   313
         Skin              |       |       |       |    27 ||    27
  Dodge: Dodged            |    59 |    53 |   128 |   151 ||   391
  Block: Kite shield       |       |       |       |   193 ||   193
